 Dungeon Crawl Stone Soup version 0.29-a0-962-gc8bbfd0a37 (webtiles) character file.

Game seed: 2222641108252374103

9679 jlumianski the Cleaver (level 11, -8/84 HPs)
             Began as a Demonspawn Fighter on July 30, 2022.
             Was a Believer of Qazlal.
             Mangled by a boulder beetle (35 damage)
             ... on level 11 of the Dungeon.
             The game lasted 00:43:03 (9609 turns).

jlumianski the Cleaver (Demonspawn Fighter)         Turns: 9609, Time: 00:43:03

Health: -8/84      AC: 21    Str: 20    XL:     11   Next: 26%
Magic:  22/22      EV:  7    Int: 10    God:    Qazlal [**....]
Gold:   592        SH:  2    Dex: 13    Spells: 10/10 levels left

rFire   . . .      SeeInvis +   a - +1 war axe
rCold   . . .      Faith    .   (no shield)
rNeg    . . .      Spirit   .   J - +0 plate armour
rPois   +          Reflect  .   k - +0 helmet of Zazatas {Drain rPois MP+9 Slay+3}
rElec   .          Harm     .   l - +1 cloak {Stlth+}
rCorr   .          Rampage  .   (no gloves)
Will    .....                   u - +0 pair of boots
Stlth   ..........              w - amulet of regeneration
HPRegen 1.04/turn               L - ring of see invisible
MPRegen 0.18/turn               m - ring of flight

@: lethally poisoned (-8 -> -13), flying, slowed, very slow
A: yellow scales 2, ignite blood 1, demonic magic 1, demonic touch 1
a: Renounce Religion, Upheaval


You were on level 11 of the Dungeon.
You worshipped Qazlal.
Qazlal was pleased with you.
You visited 2 branches of the dungeon, and saw 12 of its levels.

You collected 592 gold pieces.

Inventory:

Hand Weapons
 a - a +1 war axe (weapon)
 c - a +5 dire flail
 A - a +1 trident of flaming
Missiles
 f - 5 poisoned darts
 x - 11 boomerangs (quivered)
 H - 3 javelins
Armour
 k - the +0 helmet of Zazatas (worn) {Drain rPois MP+9 Slay+3}
   (You found it on level 4 of the Dungeon)

   Slay:      It affects your accuracy & damage with ranged weapons and melee
   (+3).
   rPois:     It protects you from poison.
   MP:        It affects your magic capacity (+9).
   Drain:     It drains your maximum health when unequipped.
 l - a +1 cloak of stealth (worn)
 p - the +1 chain mail of the Gusle {SInv}
   (You found it on level 11 of the Dungeon)

   SInv:      It lets you see invisible.
 u - a +0 pair of boots (worn)
 D - a +0 chain mail of cold resistance
 J - a +0 plate armour (worn)
Magical Staves
 i - a staff of air
Jewellery
 m - a ring of flight (right hand)
 w - an amulet of regeneration (around neck)
 L - a ring of see invisible (left hand)
Wands
 s - a wand of flame (24)
 G - a wand of acid (8)
Scrolls
 d - a scroll of butterflies
 e - a scroll of teleportation
 h - a scroll of magic mapping
 j - 2 scrolls of blinking
 o - a scroll of summoning
 C - a scroll of enchant weapon
Potions
 b - 3 potions of attraction
 g - 2 potions of curing
 q - a potion of resistance
 r - 2 potions of ambrosia
 B - 2 potions of heal wounds
 E - a potion of haste
 I - 2 potions of flight
 K - a potion of berserk rage
Miscellaneous
 n - a phial of floods


   Skills:
 + Level 7.2 Fighting
 + Level 11.5 Axes
 + Level 2.0 Throwing
 + Level 8.3 Armour
 + Level 2.9 Dodging
 - Level 2.0 Stealth
 - Level 3.3 Shields
 * Level 3.6 Invocations
 * Level 2.6 Evocations


You had 10 spell levels left.
You didn't know any spells.
Your spell library contained the following spells:

 Spells                   Type           Power      Damage    Failure   Level
 Summon Small Mammal      Summ           0%         N/A       100%        1
 Sublimation of Blood     Necr           0%         N/A       100%        2
 Call Canine Familiar     Summ           0%         N/A       100%        3
 Gell's Gravitas          Tloc           0%         N/A       100%        3
 Summon Guardian Golem    Hex/Summ       0%         N/A       100%        3
 Teleport Other           Tloc           0%         N/A       100%        3
 Petrify                  Tmut/Erth      0%         N/A       100%        4
 Irradiate                Conj/Tmut      0%         3d11      100%        5
 Metabolic Englaciation   Hex/Ice        0%         N/A       100%        5
 Summon Forest            Summ/Tloc      0%         N/A       100%        5
 Summon Mana Viper        Hex/Summ       0%         N/A       100%        5
 Dispersal                Tloc           0%         N/A       100%        6
 Statue Form              Tmut/Erth      0%         N/A       100%        6
 Summon Cactus Giant      Summ           0%         N/A       100%        6


Dungeon Overview and Level Annotations

Branches:
Dungeon (11/15)            Temple (1/1) D:7            Lair (0/5) D:8
    Orc: D:9-12

Altars:
Ashenzari
Cheibriados
Dithmenos
Fedhas
Gozag
Hepliaklqana
Kikubaaqudgha
Makhleb
Nemelex Xobeh
Okawaru
Qazlal
Ru
Sif Muna
Trog
Uskayaw
Vehumet
Wu Jian
Xom
Yredelemnul

Shops:
D:6 (   D:8 *


Innate Abilities, Weirdness & Mutations

You are mostly covered in yellow scales. (AC +3)
Your demonic aura sometimes causes spilled blood to erupt in flames.
Spells you cast may paralyse adjacent enemies.
Your touch may inflict minor irresistible damage on your foes.


Message History

The boulder beetle bites you but does no damage.
The boulder beetle leaps!
The boulder beetle curls into a ball and begins rolling!
The kobold brigand hits you but does no damage.
The kobold brigand attacks as you move away!
The kobold brigand hits you with a +0 club!
The kobold brigand throws a curare-tipped dart.
The curare-tipped dart hits you.
The kobold falls through a shaft!
The shaft crumbles and collapses.
The kobold brigand attacks as you move away!
The kobold brigand closely misses you.
The kobold brigand hits you but does no damage.
The boulder beetle hits you!!
The boulder beetle stops rolling and uncurls.
The kobold brigand throws a curare-tipped dart.
The curare-tipped dart hits you.
The boulder beetle is engulfed in blazing flames.
The boulder beetle completely misses you.
The boulder beetle is engulfed in blazing flames.
The boulder beetle bites you!
The boulder beetle attacks as you move away!
The boulder beetle barely misses you.
The boulder beetle is engulfed in blazing flames.
The boulder beetle curls into a ball and begins rolling!
The kobold brigand throws a curare-tipped dart.
The curare-tipped dart hits you.
The boulder beetle hits you but does no damage.
The boulder beetle stops rolling and uncurls.
The boulder beetle attacks as you move away!
The boulder beetle bites you but does no damage.
The kobold throws a stone.
The stone hits you but does no damage.
You feel yourself speed up.
The boulder beetle curls into a ball and begins rolling!
The kobold brigand throws a curare-tipped dart.
The curare-tipped dart hits you.
You are poisoned.
You have difficulty breathing.
You feel yourself slow down.
You feel very sick. The boulder beetle hits you!!
You die...

#.........#..#.##.##.#
.>..........#.##....###
####..........#....#.°.
#####.#..........#####..
#...........K...## ##.
#.......##......# ##
#........#..K...#
#......☼...°.(..#
#......@B○°.##..#
#.....○...^..#.##
#........#.#.#..#
#........#.#..#.#
#........#..#...#
#...............#
########........#
########........#
#...............##


You could see a boulder beetle (rolling), a kobold brigand and a kobold.

Vanquished Creatures
  Josephine (D:10)
  2 two-headed ogres
  An elephant (D:8)
  A cyclops (D:11)
  A gargoyle (D:10)
  Maggie (D:9)
  A kobold demonologist (D:10)
  4 wraiths
  4 wyverns
  5 yaks (D:8)
  A steam dragon (D:7)
  An acid dragon (D:9)
  A water moccasin (D:8)
  Duvessa (D:4)
  An orc warrior (D:7)
  3 black bears
  3 ogres
  3 centaurs (D:9)
  A phantom (D:4)
  A kobold brigand (D:10)
  5 bullfrogs
  2 scorpions
  2 necrophages
  A gnoll sergeant (D:7)
  9 wights
  Dowan (D:4)
  6 killer bees (D:8)
  3 howler monkeys
  A hound (D:4)
  10 orc priests
  3 jellies
  Crazy Yiuf (D:7)
  4 iguanas
  13 orc wizards
  11 gnolls
  7 adders
  A white imp (D:5)
  3 ufetubi
  2 worms
  2 dart slugs
  49 orcs
  7 ball pythons
  6 endoplasms
  5 giant cockroaches
  2 goblins (D:4)
  11 hobgoblins
  6 jackals
  7 quokkas
  6 bats
  2 frilled lizards (D:2)
  10 kobolds
  3 rats
238 creatures vanquished.

Vanquished Creatures (collateral kills)
  2 wraiths (D:10)
2 creatures vanquished.

Vanquished Creatures (others)
  10 plants (D:5)
10 creatures vanquished.

Grand Total: 250 creatures vanquished

Notes
Turn   | Place    | Note
-------+----------+-------------------------------------------
     0 | D:1      | jlumianski the Demonspawn Fighter began the quest for the
                  | Orb.
     0 | D:1      | Reached XP level 1. HP: 18/18 MP: 1/1
    97 | D:1      | You fall into a shaft and drop 1 floor!
   161 | D:1      | Gained mutation: You are partially covered in yellow
                  | scales. (AC +2) [demonic ancestry]
   161 | D:1      | Reached XP level 2. HP: 17/24 MP: 2/2
   572 | D:1      | Reached XP level 3. HP: 29/29 MP: 3/3
   669 | D:1      | Found a faded altar of an unknown god.
  1001 | D:1      | Reached skill level 2 in Axes
  1655 | D:2      | Reached XP level 4. HP: 35/35 MP: 4/4
  2281 | D:4      | Noticed Duvessa
  2281 | D:4      | Noticed Dowan
  2481 | D:3      | Reached skill level 3 in Axes
  2606 | D:3      | Gained mutation: You are mostly covered in yellow scales.
                  | (AC +3) [demonic ancestry]
  2606 | D:3      | Reached XP level 5. HP: 21/41 MP: 5/5
  2657 | D:5      | Entered Level 5 of the Dungeon
  2658 | D:5      | Noticed a phantom
  2680 | D:4      | Killed a phantom
  2972 | D:3      | Gained mutation: Your touch may inflict minor irresistible
                  | damage on your foes. [demonic ancestry]
  2972 | D:3      | Reached XP level 6. HP: 38/48 MP: 6/6
  2984 | D:3      | Reached skill level 1 in Dodging
  3394 | D:4      | Reached skill level 4 in Axes
  3400 | D:4      | Identified the +0 helmet of Zazatas {Drain rPois MP+9
                  | Slay+3}
  3498 | D:4      | Found an ornate altar of the Wu Jian Council.
  3688 | D:5      | Gained mutation: Spells you cast may paralyse adjacent
                  | enemies. [demonic ancestry]
  3688 | D:5      | Reached XP level 7. HP: 25/54 MP: 7/7
  4223 | D:4      | Reached skill level 5 in Axes
  4793 | D:5      | Reached skill level 6 in Axes
  4964 | D:6      | Reached XP level 8. HP: 61/61 MP: 8/8
  5145 | D:6      | Found Rihasyzu's Antique Weapon Shoppe.
  5449 | D:6      | Reached skill level 1 in Stealth
  5677 | D:7      | Found a runed translucent door.
  5678 | D:7      | Noticed Crazy Yiuf
  5690 | D:7      | Killed Crazy Yiuf
  5755 | D:7      | Reached skill level 1 in Throwing
  5805 | D:7      | Reached skill level 7 in Axes
  5805 | D:7      | Reached skill level 5 in Armour
  5855 | D:7      | Found a staircase to the Ecumenical Temple.
  5959 | D:8      | Reached skill level 5 in Fighting
  6005 | D:8      | Found Xaechekiomp's Changing Room.
  6050 | D:8      | Gained mutation: Your demonic aura sometimes causes spilled
                  | blood to erupt in flames. [demonic ancestry]
  6050 | D:8      | Reached XP level 9. HP: 35/68 MP: 9/9
  6229 | D:8      | Reached skill level 8 in Axes
  6455 | Temple   | Entered the Ecumenical Temple
  6588 | Temple   | Became a worshipper of Qazlal Stormbringer
  6674 | D:8      | Noticed an elephant
  6694 | D:8      | Killed an elephant
  6785 | D:7      | Reached skill level 9 in Axes
  7332 | D:4      | Killed Duvessa
  7336 | D:4      | Killed Dowan
  7569 | D:8      | Found a staircase to the Lair.
  7610 | D:8      | Noticed a two-headed ogre
  7618 | D:8      | Killed a two-headed ogre
  7619 | D:8      | Reached skill level 10 in Axes
  7619 | D:8      | Reached XP level 10. HP: 26/76 MP: 10/10
  7892 | D:8      | Reached * piety under Qazlal
  8062 | D:9      | Noticed Maggie
  8122 | D:9      | Noticed a two-headed ogre
  8149 | D:8      | HP: 3/67 [orc warrior/+0 dire flail of draining (7)]
  8362 | D:9      | Killed Maggie
  8655 | D:10     | Entered Level 10 of the Dungeon
  8689 | D:10     | Reached skill level 11 in Axes
  8690 | D:10     | Noticed Josephine
  8797 | D:9      | Noticed an angel
  8910 | D:10     | Noticed a two-headed ogre
  8919 | D:10     | Killed a two-headed ogre
  8920 | D:10     | Reached skill level 1 in Invocations
  8920 | D:10     | Reached skill level 1 in Evocations
  8986 | D:10     | Noticed a gargoyle
  8991 | D:10     | Killed a gargoyle
  8991 | D:10     | Reached ** piety under Qazlal
  9080 | D:10     | Killed Josephine
  9081 | D:10     | Reached XP level 11. HP: 64/84 MP: 12/12
  9160 | D:11     | Noticed a boulder beetle
  9449 | D:11     | Identified the +1 chain mail of the Gusle {SInv}
  9576 | D:11     | Noticed a boulder beetle
  9609 | D:11     | Mangled by a boulder beetle

Illustrated notes

Levels and vault maps discovered:
D:1:      dpeg_arrival_concentric_ovals, layout_basic,
          hellmonk_ecumenical_altar_leap_of_faith
D:2:      minmay_chambers_of_ones, layout_loops_corners, fountainhead
D:3:      layout_loops_cross
D:4:      layout_gridville, nicolae_wu_jian_glorious_leap, uniq_duvessa
D:5:      layout_basic, serial_bayou_lake_a
D:6:      layout_loops_ring, serial_shops, nicolae_shop_stone,
          minmay_door_square, nicolae_underground_beach
D:7:      layout_loops_ring, minmay_temple_entry_from_below_a, serial_glass,
          glass_columns_b, glass_columns_a, hex_large, uniq_crazy_yiuf_cottage
D:8:      layout_basic, david_lair_generic, nicolae_transmutations_shop
D:9:      layout_cave_pools, zin_angel, st_stairs_4, uniq_maggie
D:10:     layout_basic, uniq_josephine
D:11:     layout_rooms, trove_entry_hex_spiral
Temple:   nicolae_temple_slightly_damp_pantheon

Skill      XL: |  1  2  3  4  5  6  7  8  9 10 11 |
---------------+----------------------------------+-----
Shields        | 3 |  3.3
Armour         | 3 4 5 6 8 |  8.3
Axes           | 2 3 4 6 7 10 11 | 11.5
Dodging        | 1 2 |  2.9
Fighting       | 4 5 6 7 |  7.2
Stealth        | 1 2 |  2.0
Throwing       | 1 2 |  2.0
Invocations    | 2 3 |  3.6
Evocations     | 1 2 |  2.6

Action                   |  1- 3 |  4- 6 |  7- 9 | 10-12 || total
-------------------------+-------+-------+-------+-------++-------
Melee: War axe           |   106 |   157 |   264 |   156 ||   683
       Touch             |       |     8 |    58 |    43 ||   109
       Punch             |       |     3 |     3 |     3 ||     9
Throw: Stone             |       |     4 |    13 |       ||    17
       Boomerang         |       |       |     9 |       ||     9
Evoke: Wand              |       |       |     4 |     4 ||     8
  Use: Potion            |       |     1 |     1 |       ||     2
       Scroll            |       |    10 |     9 |     4 ||    23
Armor: Scale mail        |    73 |   101 |    34 |       ||   208
       Chain mail        |       |       |    44 |       ||    44
       Plate armour      |       |       |   100 |   194 ||   294
Dodge: Dodged            |    48 |    82 |   115 |    76 ||   321
Block: Buckler           |    29 |    21 |       |       ||    50
       Other             |       |       |       |     8 ||     8

Table legend: (Time is in decaauts)
 A = Elapsed time spent in this place.
 B = Non-inter-level travel time spent in this place.
 C = Inter-level travel time spent in this place.
 D = Time resting spent in this place.
 E = Time spent auto-exploring this place.
 F = Levels seen in this place.
 G = Mean time per level.
                   A        B        C        D        E       F      G
               +--------+--------+--------+--------+--------+-----+--------+
         Total |   9874 |   9549 |    325 |    300 |   5171 |  12 |  822.8 |
       Dungeon |   9672 |   9347 |    325 |    300 |   5171 |  11 |  879.3 |
        Temple |    202 |    202 |      0 |      0 |      0 |   1 |  202.0 |
               +--------+--------+--------+--------+--------+-----+--------+

Top non-repeatable levels by time:
     D:8: 1318 daAuts
     D:2: 1256 daAuts
     D:3: 1103 daAuts
     D:1: 961 daAuts
     D:7: 935 daAuts
     D:4: 886 daAuts
     D:5: 863 daAuts
     D:6: 793 daAuts
     D:9: 758 daAuts
    D:10: 613 daAuts
  Temple: 202 daAuts
    D:11: 181 daAuts
